Map: King's Cove LE

Players

MaNa - Winner!

  • Race: Protoss Protoss
  • Spawn Location: 5:00

souL

  • Race: Terran Terran
  • Spawn Location: 11:00

Event: 2019 WCS Summer

VOD

Have the link to the VOD?

Description

Time

  • Played on: July 12, 2019, 3:03 p.m.
  • Length: 8:48

All games in this series

Show
View Real Time Build Order
Export as new Build Order

MaNa Protoss - Winner!

Build Orders: 1 Gate Expand, Phoenix Opening, Blink Stalkers 

Get SALT Encoding   

  12  0:00  Probe  
  13  0:12  Probe  
  14  0:19  Pylon  
  14  0:24  Probe  
  15  0:33  Probe  
  15  0:39  Gateway  
  15  0:41  Probe  
  16  0:49  Assimilator  
  17  0:52  Probe  
  18  1:04  Probe  
  19  1:16  Probe  
  20  1:26  Nexus  
  20  1:36  Cybernetics Core  
  20  1:39  Probe  
  21  1:49  Assimilator  
  21  1:51  Probe  
  22  1:56  Pylon  
  22  2:03  Probe  
  22  2:05  Adept  
  25  2:15  Probe  
  25  2:20  Warp Gate  
  26  2:27  Probe  
  27  2:34  Probe  
  27  2:35  Probe  
  27  2:36  Sentry  
  29  2:43  Probe  
  29  2:44  Probe  
  31  2:45  Twilight Council  
  33  2:52  Probe  
  33  2:54  Probe  
  35  3:02  Blink  
  35  3:04  Probe  
  36  3:08  Phoenix  
  36  3:09  Stalker, Probe  
  39  3:14  Gateway  
  39  3:16  Probe  
  40  3:21  Probe  
  41  3:28  Probe  
  41  3:29  Pylon  
  42  3:36  Robotics Facility  
  42  3:38  Probe  
  42  3:41  Probe  
  40  3:50  Probe  
  40  3:53  Probe  
  41  4:02  Probe  
  42  4:05  Probe  
  42  4:09  Stalker x2  
  47  4:12  Gateway  
  47  4:14  Probe, Gateway  
  47  4:16  Pylon  
  48  4:23  Warp Prism  
  50  4:30  Gateway  
  50  4:43  Probe x2  
  42  4:50  Stalker x2  
  42  4:52  Observer  
  40  4:55  Probe x2  
  43  5:07  Stalker  
  43  5:08  Stalker  
  43  5:10  Probe  
  43  5:12  Probe  
  49  5:26  Stalker x2  
  53  5:33  Probe  
  53  5:34  Probe  
  49  5:57  Stalker x3  
  49  5:59  Zealot  
  51  6:06  Stalker  
  51  6:09  Probe x2  
  53  6:26  Probe  
  53  6:32  Stalker x3  
  52  6:57  Stalker x2  
  52  6:58  Stalker  
  52  6:59  Zealot x2  
  62  7:12  Pylon  
  62  7:14  Pylon  
  62  7:30  Probe  
  62  7:32  Stalker x2  
  62  7:33  Stalker  
  62  7:35  Zealot  
  63  7:48  Probe x2  
  57  7:56  Probe x2  
  57  7:59  Stalker x3  
  57  8:05  Probe x2  
  67  8:26  Stalker x3  
  73  8:27  Probe x2  
  73  8:30  Pylon  
Show
View Real Time Build Order
Export as new Build Order

souL Terran 

Build Orders: Gas First Reaper Expand 

Get SALT Encoding   

  12  0:00  SCV  
  13  0:13  SCV  
  14  0:18  Supply Depot  
  14  0:25  SCV  
  15  0:29  Refinery  
  15  0:39  SCV  
  16  0:45  Barracks  
  16  0:51  SCV  
  17  1:04  SCV  
  18  1:16  SCV  
  19  1:34  Orbital Command, Reaper  
  20  1:48  Command Center  
  20  1:58  Factory  
  20  2:04  SCV  
  20  2:07  Barracks Reactor  
  21  2:16  SCV, Supply Depot  
  21  2:22  Refinery  
  22  2:34  SCV  
  23  2:43  Starport  
  23  2:46  SCV  
  23  2:50  Hellion x2  
  28  2:58  SCV  
  29  3:01  Orbital Command  
  29  3:10  SCV  
  29  3:11  Widow Mine  
  31  3:14  Widow Mine  
  33  3:20  Medivac  
  33  3:22  SCV  
  36  3:28  SCV  
  36  3:33  Widow Mine  
  39  3:35  Widow Mine  
  39  3:36  SCV  
  39  3:40  Barracks Tech Lab  
  42  3:42  SCV  
  42  3:48  SCV  
  42  3:53  Supply Depot  
  42  3:54  SCV  
  44  4:00  SCV  
  45  4:04  Barracks  
  45  4:06  Bunker, Supply Depot  
  45  4:11  Starport Tech Lab  
  45  4:12  Siege Tank  
  45  4:13  SCV  
  45  4:15  SCV  
  47  4:22  Marine, Supply Depot  
  48  4:25  SCV  
  48  4:27  SCV  
  50  4:31  Barracks  
  50  4:32  Raven  
  50  4:37  SCV  
  51  4:39  SCV  
  51  4:40  Marine  
  53  4:46  Marine  
  53  4:49  SCV  
  53  4:50  Refinery  
  53  4:51  Engineering Bay  
  53  4:52  Barracks Tech Lab  
  49  4:53  SCV  
  49  4:58  Marine  
  49  5:01  Siege Tank, SCV  
  49  5:03  Bunker  
  49  5:05  SCV  
  54  5:08  Marine  
  54  5:11  Refinery  
  54  5:13  SCV  
  57  5:15  Marauder  
  57  5:17  SCV  
  59  5:25  SCV  
  59  5:27  Marine x2, Supply Depot  
  62  5:29  Marauder  
  62  5:30  Stimpack  
  62  5:31  Starport Reactor  
  62  5:33  SCV  
  65  5:36  Marine  
  63  5:44  Marine x2  
  60  5:51  Marauder  
  60  5:54  Marauder  
  60  6:02  Marine x2  
  54  6:12  Marauder  
  54  6:16  Marauder  
  58  6:20  Marine x2  
  53  6:33  Marauder  
  53  6:37  Marauder  
  53  6:38  Marine x2  
  49  6:44  Medivac  
  37  6:55  Marauder  
  37  6:56  Marine x2  
  37  6:57  SCV  
  37  6:58  Marine, SCV  
  45  7:10  SCV x2  
  45  7:13  Marine  
  45  7:14  Marine  
  49  7:16  Marauder x2  
  50  7:25  SCV x2  
  50  7:31  Marine x2  
  47  7:37  SCV  
  45  7:48  SCV  
  45  7:49  Marine x2  
  41  7:52  Marauder  
  41  7:53  SCV  
  43  8:00  SCV  
  43  8:05  SCV  
  45  8:07  Marine  
  45  8:08  Marine  
  45  8:12  SCV  
  49  8:24  SCV x2  
  52  8:28  Bunker  
  52  8:31  Bunker  
Tags
 
Add a new tag
Caveats
  • Supply blocks, unpowered buildings, or Contaminate may cause inaccurate times.
  • Supply counts are checked every 10 seconds.